 Dungeon Crawl Stone Soup version 0.29-a0-575-g0dc89cf053 (webtiles) character file.

Game seed: 6706662344346694770

107 Zonian the Chiller (level 4, -2/21 HPs)
             Began as a Vine Stalker Ice Elementalist on June 12, 2022.
             Slain by a black bear (8 damage)
             ... on level 4 of the Dungeon.
             The game lasted 00:06:58 (4383 turns).

Zonian the Chiller (Vine Stalker Ice Elementalist)  Turns: 4383, Time: 00:07:02

Health: -2/21      AC:  2    Str: 11    XL:     4   Next: 86%
Magic:  0/9        EV: 12    Int: 15    God:
Gold:   145        SH:  0    Dex: 16    Spells: 5/9 levels left

rFire   . . .      SeeInvis .   d - +1 falchion
rCold   . . .      Faith    .   (no shield)
rNeg    . . .      Spirit   +   a - +0 robe
rPois   .          Reflect  .   (no helmet)
rElec   .          Harm     .   (no cloak)
rCorr   .          Rampage  .   (no gloves)
Will    .....                   (no boots)
Stlth   +++.......              (no amulet)
HPRegen 0.87/turn               (no ring)
MPRegen 0.11/turn               (no ring)

@: no status effects
A: fangs 2, regeneration 1, magic shield, antimagic bite, no potion heal 2
a: no special abilities


You were on level 4 of the Dungeon.
You visited 1 branch of the dungeon, and saw 4 of its levels.

You collected 145 gold pieces.

Inventory:

Hand Weapons
 c - a +0 dagger
 d - a +1 falchion (weapon)
 n - a +0 hunting sling
Armour
 a - a +0 robe (worn)
 o - the +7 chain mail of Mysticism {rElec Regen+ Int+4 SInv}
   (You took it off a hobgoblin on level 2 of the Dungeon)

   Int:       It affects your intelligence (+4).
   rElec:     It insulates you from electricity.
   SInv:      It lets you see invisible.
   Regen:     It increases your rate of health regeneration.
Scrolls
 g - a scroll of teleportation
Potions
 b - 2 potions of magic
 h - 2 potions of curing
 i - 2 potions of heal wounds
 j - 2 potions of cancellation
 l - a potion of haste {unknown}
 p - a potion of attraction {unknown}


   Skills:
 + Level 2.3 Dodging
 + Level 3.7 Stealth
 + Level 3.1 Spellcasting
 + Level 4.5 Ice Magic


You had 5 spell levels left.
You knew the following spells:

 Your Spells              Type           Power      Damage    Failure   Level
a - Freeze                Ice            64%        1d8       3%          1
b - Frozen Ramparts       Ice            32%        1d5       9%          3

Your spell library contained the following spells:

 Spells                   Type           Power      Damage    Failure   Level
 Ozocubu's Armour         Ice            16%        N/A       9%          3
 Hailstorm                Conj/Ice       9%         3d4       61%         4


Dungeon Overview and Level Annotations

Branches:
Dungeon (4/15)
 Temple: D:4-7

Altars:


Innate Abilities, Weirdness & Mutations

You have extremely sharp teeth.
Your natural rate of healing is unusually fast.
When hurt, damage is shared between your health and your magic reserves.
Your bite disrupts and absorbs the magic of your enemies.
Potions cannot restore your health.


Message History

You hit the black bear. Your bite misses the black bear.
The black bear is moderately wounded.
The black bear bites you. The black bear closely misses you.
The black bear claws you.
Unknown command.
Casting: Freeze (safe; 3% risk of failure)
Confirm with . or Enter, or press ? or * to list all spells.
Aiming: Freeze (safe; 3% risk of failure)
Press: ? - help, Shift-Dir - straight line, f/p - black bear
Aim: a black bear (moderately wounded)
You freeze the black bear.
The black bear is heavily wounded.
The black bear barely misses you. The black bear misses you.
The black bear claws you.
Casting: Freeze (safe; 3% risk of failure)
Confirm with . or Enter, or press ? or * to list all spells.
Aiming: Freeze (safe; 3% risk of failure)
Press: ? - help, Shift-Dir - straight line, f/p - black bear
Aim: a black bear (heavily wounded)
You freeze the black bear.
The black bear is severely wounded.
The black bear closely misses you. x2
The black bear claws you but does no damage.
Casting: Freeze (safe; 3% risk of failure)
Confirm with . or Enter, or press ? or * to list all spells.
Aiming: Freeze (safe; 3% risk of failure)
Press: ? - help, Shift-Dir - straight line, f/p - black bear
Aim: a black bear (severely wounded)
You freeze the black bear.
The black bear is severely wounded.
The black bear goes berserk!
Unknown command.
You hit the black bear but do no damage.
Your bite misses the black bear.
The black bear is severely wounded.
The black bear barely misses you. The black bear claws you.
* * * LOW HITPOINT WARNING * * *
The black bear claws you but does no damage.
The black bear bites you!
You die...

#............ .
#.##....# .#
#..#.#....## .#
#.....#..# .#
#.#.#...## .# . #
#.##.## .# ...#.
#.##.# .#
......#....#####.#
#.........h@..#
##.###..#####.# #
#..# .# #..# .#
#..# .. #..# ##
#..# ...#


You could see a black bear (berserk).

Vanquished Creatures
  3 adders
  2 worms
  3 dart slugs
  3 orcs (D:3)
  10 ball pythons
  8 bats
  7 endoplasms
  2 giant cockroaches
  5 goblins
  9 hobgoblins
  A quokka (D:1)
  3 frilled lizards
  2 kobolds
  7 rats
  A bush (D:2)
66 creatures vanquished.

Vanquished Creatures (others)
  3 plants (D:2)
3 creatures vanquished.

Grand Total: 69 creatures vanquished

Notes
Turn   | Place    | Note
-------+----------+-------------------------------------------
     0 | D:1      | Zonian the Vine Stalker Ice Elementalist began the quest
                  | for the Orb.
     0 | D:1      | Reached XP level 1. HP: 9/9 MP: 4/4
   248 | D:1      | Reached XP level 2. HP: 13/13 MP: 6/6
  1118 | D:2      | Reached XP level 3. HP: 11/16 MP: 0/7
  2419 | D:2      | Identified the +7 chain mail of Mysticism {rElec Regen+
                  | Int+4 SInv}
  2714 | D:2      | Gained mutation: Your natural rate of healing is unusually
                  | fast. [Vine Stalker growth]
  2714 | D:2      | Reached XP level 4. HP: 13/21 MP: 5/9
  3569 | D:3      | Learned a level 3 spell: Frozen Ramparts
  3813 | D:3      | Found a faded altar of an unknown god.
  4363 | D:4      | Noticed a black bear
  4383 | D:4      | Slain by a black bear

Illustrated notes

Levels and vault maps discovered:
D:1:      dpeg_arrival_arbitrary_a, layout_basic
D:2:      minmay_door_path, layout_loops_cross, serial_forest,
          infiniplex_forest_lined_3, infiniplex_forest_straight_4,
          infiniplex_forest_straight_2, infiniplex_forest_clump_small,
          infiniplex_forest_3_way, infiniplex_forest_clump_tiny,
          infiniplex_forest_join, serial_bayou_pond_b, nrook_loot_triangle
D:3:      layout_loops_cross, hellmonk_ecumenical_altar_blasted
D:4:      layout_loops_ring, mainiacjoe_overflow_alcove_2,
          minmay_temple_entry_stoned_glass, minmay_three_crescents, uniq_robin,
          uniq_duvessa

Skill      XL: |  1  2  3  4 |
---------------+-------------+-----
Stealth        | 3 |  3.7
Dodging        | 2 |  2.3
Spellcasting   | 3 |  3.1
Ice Magic      | |  4.5

Action                   |  1- 3 |  4- 6 || total
-------------------------+-------+-------++-------
Melee: Falchion          |    56 |   157 ||   213
       Bite              |    10 |    76 ||    86
       Punch             |       |     1 ||     1
 Fire: Hunting sling     |     7 |     2 ||     9
 Cast: Freeze            |    26 |     6 ||    32
  Use: Scroll            |       |     8 ||     8
 Stab: Sleeping          |     6 |    10 ||    16
Armor: Robe              |    15 |    10 ||    25
Dodge: Dodged            |    79 |    55 ||   134

Table legend: (Time is in decaauts)
 A = Elapsed time spent in this place.
 B = Non-inter-level travel time spent in this place.
 C = Inter-level travel time spent in this place.
 D = Time resting spent in this place.
 E = Time spent auto-exploring this place.
 F = Levels seen in this place.
 G = Mean time per level.
                   A        B        C        D        E       F      G
               +--------+--------+--------+--------+--------+-----+--------+
         Total |   4451 |   4383 |     68 |   1176 |   2512 |   4 | 1112.8 |
       Dungeon |   4451 |   4383 |     68 |   1176 |   2512 |   4 | 1112.8 |
               +--------+--------+--------+--------+--------+-----+--------+

Top non-repeatable levels by time:
     D:2: 1816 daAuts
     D:1: 1731 daAuts
     D:3: 726 daAuts
     D:4: 177 daAuts
